 Dungeon Crawl Stone Soup version 0.27.1 (webtiles) character file.

Game seed: 17655221131763611513

90 Descartes the Magician (level 4, 0/27 HPs)
             Began as a Deep Elf Wanderer on Sept 3, 2021.
             Slain by Eustachio (7 damage)
             ... on level 4 of the Dungeon.
             The game lasted 00:07:52 (3112 turns).

Descartes the Magician (Deep Elf Wanderer)          Turns: 3112, Time: 00:07:54

Health: 0/27       AC:  3    Str:  8    XL:     4   Next: 32%
Magic:  3/11       EV: 12    Int: 16    God:
Gold:   128        SH:  0    Dex: 17    Spells: 9/10 levels left

rFire    + . .     SeeInvis .   r - +2 short sword (holy)
rCold    + . .     Faith    .   (no shield)
rNeg     . . .     Spirit   .   c - +0 leather armour
rPois    .         Reflect  .   (no helmet)
rElec    .         Harm     .   (no cloak)
rCorr    .         Rampage  .   (no gloves)
Will     .....                  (no boots)
Stlth    ++........             (no amulet)
HPRegen  0.09/turn              i - ring of protection from fire
MPRegen  0.12/turn              q - ring of protection from cold

@: very slightly contaminated
A: no striking features
a: no special abilities


You were on level 4 of the Dungeon.
You visited 1 branch of the dungeon, and saw 4 of its levels.

You collected 128 gold pieces.

Inventory:

Hand Weapons
 a - a +0 hunting sling
 r - a +2 short sword of holy wrath (weapon)
 u - a +0 great sword
Missiles
 d - 29 bolts
 l - 68 stones
 p - 51 arrows
 s - 26 poisoned darts
 v - 23 sling bullets
Armour
 c - a +0 leather armour (worn)
 w - a +0 ring mail
Jewellery
 i - a ring of protection from fire (left hand)
 q - a ring of protection from cold (right hand)
 y - a +6 ring of dexterity
Scrolls
 k - 3 scrolls of teleportation {unknown}
 m - 2 scrolls of identify {unknown}
 o - a scroll of brand weapon {unknown}
 t - a scroll of fog {unknown}
 x - a scroll of blinking {unknown}
Potions
 b - a potion of haste
 e - a potion of ambrosia {unknown}
 f - a potion of curing {unknown}
 g - a potion of cancellation {unknown}
 h - a potion of might {unknown}
 j - a potion of heal wounds {unknown}
 n - 2 potions of flight {unknown}
 z - a potion of mutation {unknown}


   Skills:
 + Level 2.6 Fighting
 + Level 0.6 Short Blades
 - Level 1.0 Maces & Flails
 - Level 1.0 Armour
 + Level 2.1 Dodging
 + Level 2.5 Stealth
 + Level 3.8 Spellcasting
 - Level 1.1 Transmutations
 * Level 1.9 Poison Magic
 - Level 1.1 Evocations


You had 9 spell levels left.
You knew the following spells:

 Your Spells              Type           Power      Damage    Failure   Level
a - Sting                 Tmut/Pois      32%        1d4       13%         1

Your spell library contained the following spells:

 Spells                   Type           Power      Damage    Failure   Level
 Spider Form              Tmut/Pois      4%         N/A       36%         3
 Call Canine Familiar     Summ           3%         N/A       58%         3
 Portal Projectile        Hex/Tloc       6%         N/A       58%         3
 Leda's Liquefaction      Hex/Erth       1%         N/A       94%         4


Dungeon Overview and Level Annotations

Branches:
Dungeon (4/15)
 Temple: D:4-7

Altars:

Annotations:
D:3 1 runed translucent door, Alannah's ghost, amateur DrTm
D:4 Eustachio


Message History

Eustachio brags, "I can call spirits from the vasty deep."
Eustachio gestures wildly while chanting.
Eustachio barely misses you. The quokka bites you.
You climb downwards.
The bat disappears in a puff of smoke!
The quokka disappears in a puff of smoke!
There is a stone staircase leading up here.
Casting: Sting (safe; 13% risk of failure)
Confirm with . or Enter, or press ? or * to list all spells.
Aiming: Sting (safe; 13% risk of failure)
Press: ? - help, Shift-Dir - straight line, f - Eustachio
Aim: Eustachio, wielding a +0 rapier and wearing a +0 leather armour of poison resistance (lightly wounded, 56% to hit)
The sting hits Eustachio.
Eustachio partially resists.
Eustachio is lightly wounded.
Eustachio hits you with a +0 rapier.
Unknown command.
Casting: Sting (safe; 13% risk of failure)
Confirm with . or Enter, or press ? or * to list all spells.
Aiming: Sting (safe; 13% risk of failure)
Press: ? - help, Shift-Dir - straight line, f/p - Eustachio
Aim: Eustachio, wielding a +0 rapier and wearing a +0 leather armour of poison resistance (lightly wounded, 56% to hit)
The sting misses Eustachio.
Eustachio hits you with a +0 rapier!
* * * LOW HITPOINT WARNING * * *
Casting: Sting (safe; 13% risk of failure)
Confirm with . or Enter, or press ? or * to list all spells.
Aiming: Sting (safe; 13% risk of failure)
Press: ? - help, Shift-Dir - straight line, f/p - Eustachio
Aim: Eustachio, wielding a +0 rapier and wearing a +0 leather armour of poison resistance (lightly wounded, 56% to hit)
The sting hits Eustachio but does no damage.
Eustachio is poisoned.
Eustachio is lightly wounded.
Eustachio barely misses you.
Unknown command.
Casting: Sting (safe; 13% risk of failure)
Confirm with . or Enter, or press ? or * to list all spells.
Aiming: Sting (safe; 13% risk of failure)
Press: ? - help, Shift-Dir - straight line, f/p - Eustachio
Aim: Eustachio, wielding a +0 rapier and wearing a +0 leather armour of poison resistance (moderately wounded, poisoned, 56% to hit)
You miscast Sting.
Nothing appears to happen.
Eustachio hits you with a +0 rapier!
You die...

#....##...
#.........
##.........
#.........
+....... #.....# #
. #....# ..#
....##(...##.....
..........@.......
..........@.......
..........).......
#.##.#..#..#.....#
# ###############


You could see Eustachio (poisoned).

Vanquished Creatures
  A hound (D:3)
  A worm (D:3)
  3 dart slugs
  3 bats
  3 endoplasms
  3 goblins
  5 hobgoblins
  10 jackals
  2 quokkas
  2 ball pythons
  4 frilled lizards (D:2)
  4 kobolds
  5 rats (D:1)
46 creatures vanquished.

Notes
Turn   | Place    | Note
-------+----------+-------------------------------------------
     0 | D:1      | Descartes the Deep Elf Wanderer began the quest for the
                  | Orb.
     0 | D:1      | Descartes set off with the following items: a +2 dagger, a
                  | potion of haste, a +0 mace, a +0 robe; and the following
                  | spell memorised: Sting; and the following spells available
                  | to memorise: Spider Form
     0 | D:1      | Reached XP level 1. HP: 13/13 MP: 6/6
   155 | D:1      | Reached XP level 2. HP: 18/18 MP: 4/8
   294 | D:1      | Reached skill level 1 in Dodging
   760 | D:1      | Found a faded altar of an unknown god.
   967 | D:2      | Reached skill level 1 in Poison Magic
  1271 | D:2      | Reached XP level 3. HP: 13/22 MP: 6/10
  1962 | D:3      | Reached XP level 4. HP: 25/27 MP: 8/11
  2176 | D:3      | Found a runed translucent door.
  2177 | D:3      | Noticed Alannah's ghost (amateur DrTm)
  3091 | D:4      | Noticed Eustachio
  3112 | D:4      | Slain by Eustachio

Illustrated notes

Levels and vault maps discovered:
D:1:      dpeg_arrival_rooms_with_view, layout_basic,
          ebering_ecumenical_altar_mist
D:2:      layout_loops_ring
D:3:      layout_basic, ebering_ghost_reflecting_pool
D:4:      layout_gridville, uniq_menkaure, uniq_eustachio, uniq_ijyb, uniq_pikel

Skill      XL: |  1  2  3  4 |
---------------+-------------+-----
Dodging        | 1 2 |  2.1
Poison Magic   | 1 |  1.9
Stealth        | 2 |  2.5
Fighting       | |  2.6
Short Blades   | |  0.6
Maces & Flails | |  1.0
Armour         | |  1.0
Spellcasting   | |  3.8
Transmutations | |  1.1
Evocations     | |  1.1

Action                   |  1- 3 |  4- 6 || total
-------------------------+-------+-------++-------
Melee: Dagger            |    12 |       ||    12
       Short sword       |    18 |    10 ||    28
 Cast: Sting             |    50 |    37 ||    87
Armor: Robe              |     7 |       ||     7
       Leather armour    |       |    11 ||    11
Dodge: Dodged            |    36 |    20 ||    56
